Celery, neutral female gnomish Wizard ---.---------- |.........<..| # |............| #G#|............| u.f...........|## |.............# -------------- Celery the Thaumaturge Experience level: 6 Strength: 10 Dexterity: 14 Constitution: 12 Intelligence: 17 Wisdom: 10 Charisma: 12 Health: 0(44) Energy: 17(45) AC: 9 Gold: 196 Moves: 2284 Your Inventory: Coins $ - 196 gold pieces Weapons a - a blessed +1 quarterstaff (weapon in hands) v - 11 [uncursed +0] silver arrows Armor b - an uncursed +0 cloak of magic resistance (being worn) Scrolls i - 2 uncursed scrolls of light A - an [uncursed] scroll labeled FOOBIE BLETCH [of flood] T - an [uncursed] scroll labeled PRATYAVAYAH [of confuse monster] Spellbooks k - a blessed spellbook of force bolt l - an uncursed spellbook of sleep Potions g - an uncursed potion of enlightenment h - an uncursed potion of invisibility p - an [uncursed] potion of sleeping x - an [uncursed] swirly potion [of booze] z - a [blessed] clear potion [of holy water] B - an [uncursed] murky potion [of confusion] J - 6 [uncursed] clear potions [of water] Rings d - an uncursed +1 ring of increase damage e - an uncursed ring of polymorph control Wands c - an uncursed wand of striking (0:5) Tools m - an uncursed blindfold n - an [uncursed] key [skeleton key] w - an [uncursed] tin whistle Gems r - 4 [uncursed] yellow gems [worthless glass] s - 2 [uncursed] violet gems [worthless glass] V - 2 [uncursed] yellowish brown gems [worthless glass] Spells known in the end: Name Level Category Fail Memory a - force bolt 1 attack 0% [||||||||] b - sleep 1 enchantment 0% [||||||||] Your skills at the end: Fighting Skills Weapon Skills quarterstaff [Basic / Expert] Spellcasting Skills attack spells [Basic / Expert] enchantment spells [Basic / Skilled] Final Attributes: You were piously aligned. Hunger level was 686. Your alignment was 21 / 21. Monster difficulty range was 1 - 6. Level difficulty was 6. You were magic-protected. You were telepathic. You had infravision. You were unlucky (-2). You are dead. Vanquished creatures: a small mimic a wood nymph a water nymph a rock piercer an enormous rat a pony 2 fog clouds a floating eye 2 hill orcs a rabid rat 2 giant bats 2 werejackals 2 acid blobs a coyote 2 manes a large kobold 2 cave spiders a gnome zombie 3 geckos 7 jackals a fox a goblin a sewer rat 5 grid bugs 4 lichens 5 newts 52 creatures vanquished. Voluntary challenges: You were an atheist. You used a wielded weapon 20 times. You read items or engraved 1 time. You put on armor 1 time. You never genocided any monsters. You never polymorphed an object. You never changed form. You used no wishes. You never wrote Elbereth's name. You encountered 1 bones level. You never used any Sokoban shortcuts. Dungeon overview: The Dungeons of Doom: levels 1 to 6 Level 1 a long staircase Level 2 a long staircase Level 3 a potion shop Level 4 a sink Level 5 some fountains Level 6 <- You were here History has recorded: On T:1 you entered the Dungeons of Doom to retrieve the Amulet of Yendor! On T:348 you reached level 2 of The Dungeons of Doom. On T:456 you advanced to experience level 2. On T:771 you advanced to experience level 3. On T:795 you reached level 3 of The Dungeons of Doom. On T:1084 you advanced to experience level 4. On T:1263 you advanced to experience level 5. On T:1469 you reached level 4 of The Dungeons of Doom. On T:1598 you advanced to experience level 6. On T:1765 you reached level 5 of The Dungeons of Doom. On T:2229 you reached level 6 of The Dungeons of Doom. Latest messages: The pony bites! [HP-5=25] The spell hits the pony! You kill the pony! You see here a pony corpse. [HP+1=26] Taco eats a pony corpse. [HP+1=27] [HP+1=28] [HP+1=29] The white unicorn butts! The white unicorn kicks! The white unicorn butts! The white unicorn kicks! [HP-25=4] Taco misses the white unicorn. [HP+1=5] You hear some noises. Taco misses the white unicorn. (5x) [HP+1=6] You hear some noises in the distance. The white unicorn butts! You die... Final status: Goodbye Celery the Wizard... You died in The Dungeons of Doom on dungeon level 6 with 2383 points, and 196 pieces of gold, after 2284 moves. You were level 6 with a maximum of 44 hit points when you died.